 Dungeon Crawl Stone Soup version 0.27-a0-343-gfcad680f63 (webtiles) character file.

Game seed: 12948832195858722939

209635 inc the Spry (level 18, -2/91 HPs)
             Began as a Felid Venom Mage on Feb 14, 2021.
             Was a Plaything of Xom.
             Slain by a brown very ugly thing (14 damage)
             ... on level 3 of the Vaults.
             The game lasted 03:16:13 (58013 turns).

inc the Spry (Felid Venom Mage)                    Turns: 58013, Time: 03:16:14

Health: -2/91      AC:  4    Str:  4    XL:     18   Next: 16%
Magic:  4/41       EV: 38    Int: 23    God:    Xom [.....*]
Gold:   2638       SH:  0    Dex: 20    Spells: 5/35 levels left
                                        Lives:  0   Deaths: 5

rFire    + + .     SeeInvis +     - Unarmed
rCold    + . .     Faith    +   (shield unavailable)
rNeg     . . .     Spirit   .   (armour unavailable)
rPois    .         Reflect  .   (helmet unavailable)
rElec    .         Harm     .   (cloak unavailable)
rCorr    .         Rampage  .   (gloves unavailable)
rMut     +                      (boots unavailable)
Will     ++...                  A - amulet of faith
Stlth    +++.......             E - ring of magical power
HPRegen  0.25/turn              B - ring of Red Wine {Wiz Dex+2}
MPRegen  0.27/turn

@: marked, radiating poison, very slightly contaminated, quick
A: very small, no armour, no weapons or thrown items, stealth, claws 1, fangs 3,
repulsion field 1, rugged brown scales 1, see invisible, fire resistance 2,
speed 1, mutation resistance 3, shaggy fur 3, wild magic 3, sharp paws
}: 1/15 runes: serpentine
a: Renounce Religion


You were on level 3 of the Vaults.
You worshipped Xom.
You were Xom's teddy bear.
You visited 8 branches of the dungeon, and saw 37 of its levels.
You also visited: Ice Cave.

You collected 4600 gold pieces.
You spent 1962 gold pieces at shops.

Inventory:

Jewellery
 e - a ring of wizardry
 l - a +6 ring of intelligence
 u - a ring of poison resistance
 x - a +6 ring of strength
 A - an amulet of faith (around neck)
 B - the ring of Red Wine (right paw) {Wiz Dex+2}
   (You found it in an ice cave)

   [ring of wizardry]

   It improves your spell success rate.
   It affects your dexterity (+2).
 C - a ring of protection from fire
 E - a ring of magical power (left paw)
 H - an amulet of magic regeneration
 K - a +6 ring of strength
 M - an amulet of regeneration
 N - an amulet of the acrobat
 O - a ring of resist corrosion
 S - a ring of willpower
 T - an amulet of guardian spirit
 V - a +6 ring of intelligence
 Z - a +4 ring of evasion
Wands
 j - a wand of paralysis (15)
 p - a wand of charming (7)
 r - a wand of polymorph (46)
 v - a wand of flame (118)
 F - a wand of acid (16)
 U - a wand of random effects (29)
 W - a wand of mindburst (26)
 X - a wand of iceblast (25)
Scrolls
 b - 2 scrolls of magic mapping
 k - 4 scrolls of fog
 m - 21 scrolls of teleportation
 n - 8 scrolls of amnesia
 w - a scroll of random uselessness
 y - 4 scrolls of immolation
 z - 2 scrolls of holy word
 D - 3 scrolls of vulnerability
 I - 13 scrolls of identify
 Q - 2 scrolls of summoning
Potions
 a - 6 potions of lignification
 c - a potion of ambrosia
 d - 2 potions of cancellation
 f - 14 potions of curing
 g - 5 potions of might
 h - 7 potions of haste
 i - 9 potions of attraction
 o - 8 potions of flight
 q - 7 potions of brilliance
 s - 2 potions of magic
 t - 6 potions of invisibility
 G - 2 potions of berserk rage
Miscellaneous
 J - a phantom mirror
 L - a tin of tremorstones (2/2)
 P - a condenser vane
 R - a box of beasts


   Skills:
 - Level 15.5 Fighting
 - Level 17.2 Dodging
 - Level 2.6 Stealth
 - Level 9.8 Unarmed Combat
 - Level 9.3 Spellcasting
 - Level 10.4 Conjurations
 + Level 15.8 Hexes
 - Level 13.3 Transmutations
 - Level 4.1 Air Magic
 - Level 11.4 Earth Magic
 - Level 11.2 Poison Magic
 - Level 10.5 Evocations


You had 5 spell levels left.
You knew the following spells:

 Your Spells              Type           Power        Failure   Level
a - Statue Form           Tmut/Erth      60%          8%          6
b - Irradiate             Conj/Tmut      45%          3%          5
c - Mephitic Cloud        Conj/Pois/Air  77%          1%          3
e - Blink                 Tloc           N/A          11%         2
f - Olgreb's Toxic Radia  Pois           87%          2%          4
g - Ignite Poison         Fire/Tmut/Pois 75%          2%          3
h - Eringya's Noxious Bo  Tmut/Pois      45%          9%          6
p - Sting                 Tmut/Pois      100%         1%          1

Your spell library contained the following spells:

 Spells                   Type           Power        Failure   Level
 Corona                   Hex            100%         1%          1
 Sandblast                Erth           100%         1%          1
 Ensorcelled Hibernation  Hex/Ice        100%         1%          2
 Passwall                 Tmut/Erth      75%          1%          2
 Poisonous Vapours        Pois/Air       100%         1%          2
 Confusing Touch          Hex            100%         1%          3
 Dazzling Flash           Conj/Hex       100%         1%          3
 Stone Arrow              Conj/Erth      100%         1%          3
 Tukima's Dance           Hex            100%         1%          3
 Cause Fear               Hex            51%          1%          4
 Petrify                  Tmut/Erth      91%          1%          4
 Yara's Violent Unravell  Hex/Tmut       49%          1%          5
 Foxfire                  Conj/Fire      100%         2%          1
 Inner Flame              Hex/Fire       74%          2%          3
 Static Discharge         Conj/Air       71%          2%          3
 Summon Guardian Golem    Hex/Summ       74%          2%          3
 Lee's Rapid Deconstruct  Erth           44%          3%          5
 Conjure Flame            Conj/Fire      60%          4%          3
 Iskenderun's Battlesphe  Conj           84%          4%          5
 Silence                  Hex/Air        41%          4%          5
 Corpse Rot               Necr/Air       N/A          6%          2
 Ice Form                 Ice/Tmut       68%          6%          4
 Animate Skeleton         Necr           40%          9%          1
 Pain                     Necr           80%          9%          1
 Summon Small Mammal      Summ           80%          9%          1
 Sticky Flame             Conj/Fire      60%          9%          4
 Metabolic Englaciation   Hex/Ice        37%          9%          5
 Call Imp                 Summ           20%          11%         2
 Bolt of Magma            Conj/Fire/Erth 35%          11%         5
 Airstrike                Air            27%          12%         4
 Borgnjor's Vile Clutch   Necr/Erth      31%          16%         5
 Call Canine Familiar     Summ           20%          19%         3
 Gell's Gravitas          Tloc           10%          19%         3
 Lesser Beckoning         Tloc           10%          19%         3
 Ozocubu's Armour         Ice            20%          19%         3
 Teleport Other           Tloc           20%          19%         3
 Vampiric Draining        Necr           10%          19%         3
 Fireball                 Conj/Fire      30%          21%         5
 Summon Lightning Spire   Summ/Air       38%          24%         4
 Animate Dead             Necr           10%          43%         4
 Passage of Golubria      Tloc           N/A          43%         4
 Summon Ice Beast         Ice/Summ       20%          43%         4
 Agony                    Necr           20%          71%         5
 Summon Forest            Summ/Tloc      10%          71%         5
 Hydra Form               Tmut           47%          6%          6
 Iron Shot                Conj/Erth      43%          12%         6
 Dragon Form              Tmut           47%          21%         7
 Discord                  Hex            51%          43%         8
 Orb of Destruction       Conj           42%          45%         7
 Starburst                Conj/Fire      30%          58%         6
 Spellforged Servitor     Conj/Summ      30%          97%         7
 Shadow Creatures         Summ           N/A          99%         6
 Summon Hydra             Summ           10%          100%        7
 Borgnjor's Revivificati  Necr           10%          100%        8
 Ignition                 Fire           10%          100%        8
 Infestation              Necr           10%          100%        8
 Necromutation            Tmut/Necr      34%          100%        8
 Death's Door             Necr           10%          100%        9
 Animate Armour           Summ/Erth      Unusable     N/A         4

Dungeon Overview and Level Annotations

Branches:
Dungeon (15/15)            Temple (1/1) D:5            Lair (6/6) D:9
  Swamp (4/4) Lair:2        Snake (4/4) Lair:2        Slime (0/5) Lair:5
    Orc (2/2) D:9             Elf (2/3) Orc:2        Vaults (3/5) D:13
  Crypt (0/3) Vaults:2     Depths (0/5) D:15          IceCv (visited)

Altars:
Ashenzari
Cheibriados
Dithmenos
Elyvilon
Fedhas
Gozag
Hepliaklqana
Kikubaaqudgha
Makhleb
Nemelex Xobeh
Qazlal
Ru
Sif Muna
Trog
Uskayaw
Vehumet
Wu Jian
Xom
Yredelemnul
Zin
The Shining One
Beogh

Shops:
D:5 (   D:10 *((**   Orc:2 [:*(   Elf:1 =([   Snake:1 *[([!   Snake:2 ?(
Snake:4 (   Vaults:2 [[

Portals:
Trove: D:15 (give 10 potions of heal wounds)

Annotations:
D:4 1 runed translucent door, stazo's ghost, amateur HOFi
D:7 namelastname112's ghost, novice DrDe
Swamp:4 Lernaean hydra


Innate Abilities, Weirdness & Mutations

You cannot wear armour.
You are incapable of wielding weapons or throwing items.
Your paws allow you to move quietly. (Stealth)
You have sharp claws.
You have razor-sharp teeth.
You have supernaturally acute eyesight. (SInv)
You cover ground quickly.
Your thick and shaggy fur keeps you warm. (AC +3, rC+)
Your sharp claws are effective at attacking unaware monsters.
You are surrounded by a mild repulsion field. (EV +2)
You are partially covered in rugged brown scales. (AC +1, +3% HP)
Your flesh is very heat resistant. (rF++)
You are almost entirely resistant to further mutation and mutation removal.
Your spells are much harder to cast, but much more powerful.


Message History

Things that are here:
a staff of conjuration; a +0 ring mail
Casting: Olgreb's Toxic Radiance (mildly dangerous; 2% risk of failure)
Confirm with . or Enter, or press ? or * to list all spells.
You ignite the poison in your surroundings!
The orc warrior seems to burn from within!!
The orc warrior is almost dead.
The brown very ugly thing seems to burn from within!!!
The brown very ugly thing is heavily wounded.
The cyan ugly thing seems to burn from within!!
The cyan ugly thing is heavily wounded.
The troll seems to burn from within!!!
You kill the troll!
The brown ugly thing seems to burn from within!!!
You kill the brown ugly thing!
The brown very ugly thing seems to burn from within!!!
The brown very ugly thing is heavily wounded.
You are now Xom's teddy bear.
The cyan ugly thing closely misses you.
The brown very ugly thing completely misses you.
The orc warrior completely misses you.
The cyan ugly thing completely misses you.
The brown very ugly thing claws you but does no damage.
Unknown command.
Casting: Ignite Poison (mildly dangerous; 2% risk of failure)
Confirm with . or Enter, or press ? or * to list all spells.
You begin to radiate toxic energy.
You kill the orc warrior!
The cyan ugly thing is poisoned.
The orc warrior is poisoned.
The brown very ugly thing is poisoned. x2; The redback is poisoned. x2
You revert to your normal fleshy form.
The cyan ugly thing looks even sicker.
The orc warrior looks even sicker.
The brown very ugly thing looks even sicker.
The redback looks even sicker. x2
A redback comes into view.
The cyan ugly thing trunk-slaps you. The cyan ugly thing shocks you!
* * * LOW HITPOINT WARNING * * *
The brown very ugly thing claws you!
You die...
Xom chuckles heartily!

*,,,,∩,,*,,,,...#######)....#
*,,,*,*,*.......# #.)...#**
*,,,,,,,*.......# #.....#*,
*,,,,,,**,...,..# #)...^#*,
*,,,,,,#####'##'#######'#####*,
*,,,,,,#.^.......#....).# *,
*,,,,,,'.........#...)..# *,
*******#.........#......# *,
#.....u@s.s......# **
#.....uu.)#......#
*****#......)..#......#
****,,,,#.........#......#
*,,*,**,#..o......######'#******
*,,*,**,'.........# *,...,,,,,
***+*,,,,#########'#****,..##*,,,
*,,,,*+*** *,...,,**,,*.***,,
*,**,*,,* *,,...,**,*,,,****


You could see 2 very ugly things, a cyan ugly thing (very poisoned), an orc
warrior (very poisoned) and 2 redbacks.

Vanquished Creatures
  Vashnia (Snake:3)
  Nikola (Swamp:1)
  Jorgrun (Elf:1)
  The ghost of Qoinem the Severer, an adept DDFi of Okawaru (Vaults:2)
  Donald (Swamp:3)
  2 thorn hunters (Swamp:2)
  10 nagarajas
  2 fire giants (Vaults:2)
  An orc warlord (Vaults:3)
  4 vault wardens
  Aizul (Snake:1)
  7 ironheart preservers
  An angel (Vaults:3)
  A war gargoyle (Vaults:1)
  3 stone giants
  4 bunyips
  A spark wasp (Lair:2)
  2 eleionomae (Swamp:3)
  5 shambling mangroves
  2 fire dragons
  4 vault guards
  2 yaktaur captains (D:14)
  Erolcha (D:10)
  The ghost of sixsigma the Thaumaturge, a journeyman DEFE of Sif Muna (D:11)
  9 naga warriors
  3 boulder beetles
  16 hydras
  3 ice dragons
  2 great orbs of eyes
  4 ogre magi
  A ghost crab (Swamp:3)
  3 catoblepae (Lair:6)
  2 centaur warriors (D:14)
  3 death knights
  A deep troll shaman (Vaults:3)
  18 anacondas
  16 two-headed ogres
  10 alligators
  3 orc high priests
  A two-headed ogre (shapeshifter) (Swamp:4)
  13 death yaks
  3 dancing weapons
  3 deep troll earth magi
  The ghost of wakim the Martial Artist, a novice OpTm of Gozag (D:10)
  A deep elf knight (Vaults:3)
  12 naga sharpshooters
  8 shock serpents
  Nergalle (D:10)
  A shadow wraith (Vaults:1)
  3 salamander mystics
  3 unseen horrors
  7 goliath frogs
  8 naga ritualists
  A spriggan druid (Swamp:4)
  8 deep trolls
  4 bog bodies
  Pikel (D:3)
  2 deep elf archers
  12 swamp dragons
  The ghost of ma3 the Fighter, a novice GnWn (D:7)
  A glowing orange brain (Vaults:3)
  A necromancer (Vaults:2)
  4 wizards
  18 orc knights
  A harpy (Vaults:2)
  10 deep elf pyromancers
  A lindwurm (Lair:5)
  3 mana vipers
  11 ironbrand convokers
  8 orc sorcerers
  29 ugly things
  A cyclops (D:12)
  11 salamanders
  4 deep elf zephyrmancers
  A moth of wrath (Vaults:3)
  4 manticores
  6 oklob plants
  A wolf spider (Vaults:2)
  3 will-o-the-wisps (Swamp:3)
  2 ice statues (IceCv)
  14 guardian serpents
  7 elephants
  22 naga magi
  8 vault sentinels
  A torpor snail (Lair:6)
  A black mamba (shapeshifter) (Vaults:2)
  31 black mambas
  16 cane toads
  An eye of devastation (shapeshifter) (Vaults:1)
  A gargoyle (D:11)
  3 centaur skeletons
  6 rime drakes
  2 efreet (D:14)
  13 komodo dragons
  15 yaktaurs
  2 freezing wraiths
  2 ice devils (D:15)
  11 trolls
  2 jumping spiders (shapeshifter)
  6 tyrant leeches
  A queen bee (D:11)
  2 polar bears
  17 hornets
  A hornet (shapeshifter) (D:12)
  19 slime creatures
  8 blink frogs
  A dream sheep (shapeshifter) (D:9)
  A centaur simulacrum (D:15)
  A redback (D:14)
  2 wyverns
  A spriggan (Swamp:4)
  2 water elementals (Elf:1)
  A human (shapeshifter) (Vaults:2)
  A wyvern (shapeshifter) (D:14)
  12 wraiths
  32 yaks
  Grum (D:8)
  4 basilisks
  8 vampire mosquitoes
  17 swamp worms
  52 nagas
  3 wargs
  2 acid dragons
  A soldier ant (shapeshifter) (Vaults:2)
  A soldier ant (D:14)
  9 water moccasins
  4 swamp drakes
  A floating eye (Vaults:2)
  46 orc warriors
  3 black bears
  A black bear (shapeshifter) (Lair:1)
  15 ice beasts
  2 sky beasts
  16 ogres
  2 necrophages
  36 wolves
  13 centaurs
  2 boggarts
  2 phantoms
  A lemure (D:3)
  3 kobold brigands
  22 bullfrogs
  An earth elemental (Elf:1)
  5 scorpions
  11 killer bees
  13 wights
  3 electric eels
  7 howler monkeys
  6 centaur zombies
  10 hounds
  A quasit (D:8)
  22 orc priests
  7 jellies
  Crazy Yiuf (D:3)
  3 bullfrog skeletons
  4 iguanas
  8 worker ants
  28 orc wizards
  A howler monkey zombie (D:8)
  7 adders
  2 shadow imps
  A white imp (D:7)
  3 ufetubi
  An adder skeleton (D:4)
  A worm (D:2)
  5 dart slugs
  6 leopard geckos
  85 orcs
  A ball python (D:1)
  7 bats
  8 giant cockroaches
  4 goblins
  10 hobgoblins
  7 jackals
  4 quokkas
  A ball python skeleton (D:4)
  5 frilled lizards
  15 kobolds
  7 rats
  5 briar patches (Swamp:2)
1216 creatures vanquished.

Vanquished Creatures (collateral kills)
  Saint Roka (Orc:2)
  A frost giant (D:14)
  A hydra (Lair:6)
  3 naga warriors
  4 anacondas (Snake:2)
  A dancing weapon (Elf:2)
  A shock serpent (Snake:4)
  Sonja (D:11)
  An orc knight (Vaults:3)
  2 deep elf zephyrmancers (Elf:2)
  A manticore (D:11)
  4 black mambas
  2 naga magi (Snake:2)
  A guardian serpent (Snake:2)
  4 nagas
  A vampire mosquito (D:14)
  A water moccasin (D:9)
  A sky beast (D:9)
  2 orc warriors (Orc:2)
  A wight (D:9)
  An orc priest (Vaults:3)
  An orc wizard (D:14)
  2 orcs
  A quokka (D:11)
39 creatures vanquished.

Vanquished Creatures (others)
  A nagaraja (Snake:4)
  A stone giant (Vaults:1)
  An eleionoma (Swamp:1)
  An ogre mage (D:15)
  An anaconda (shapeshifter) (Vaults:2)
  2 dancing weapons
  A deep elf zephyrmancer (Vaults:2)
  3 ugly things (D:15)
  A naga mage (Snake:2)
  3 bloated husks
  A tyrant leech (Swamp:2)
  A slime creature (D:14)
  A hornet (Swamp:4)
  2 spriggans (Swamp:4)
  2 wraiths (D:10)
  4 boggarts (Vaults:2)
  2 ogres (Vaults:1)
  A wight (D:5)
  An orc priest (Vaults:2)
  An orc wizard (Orc:2)
  A bush (Lair:2)
  16 foxfires (Swamp:3)
  63 fungi
  103 plants
214 creatures vanquished.

Grand Total: 1469 creatures vanquished

Notes
Turn   | Place    | Note
-------+----------+-------------------------------------------
     0 | D:1      | inc the Felid Venom Mage began the quest for the Orb.
     0 | D:1      | Reached XP level 1. HP: 7/7 MP: 4/4
   153 | D:1      | Reached XP level 2. HP: 11/11 MP: 0/6
  1026 | D:1      | Reached XP level 3. HP: 10/14 MP: 2/7
  1770 | D:2      | Reached XP level 4. HP: 9/18 MP: 3/8
  3138 | D:3      | Reached skill level 5 in Poison Magic
  3236 | D:3      | Found a runed translucent door.
  3237 | D:3      | Noticed Crazy Yiuf
  3296 | D:3      | Killed Crazy Yiuf
  3297 | D:3      | Reached XP level 5. HP: 21/21 MP: 4/9
  4089 | D:4      | Found a runed translucent door.
  4089 | D:4      | Noticed stazo's ghost (amateur HOFi)
  4138 | D:4      | Gained mutation: You are covered in thick fur. (AC +2)
                  | [Felid growth]
  4138 | D:4      | Reached XP level 6. HP: 24/24 MP: 5/10
  4180 | D:4      | Noticed Pikel
  4801 | D:3      | Killed Pikel
  4802 | D:3      | Reached XP level 7. HP: 27/27 MP: 10/14
  5319 | D:4      | Learned a level 4 spell: Olgreb's Toxic Radiance
  5954 | D:4      | Found a white marble altar of Elyvilon.
  6041 | D:4      | Found a shimmering blue altar of Sif Muna.
  6041 | D:4      | Found a glowing silver altar of Zin.
  6054 | D:4      | Found a glowing golden altar of the Shining One.
  6056 | D:4      | Found a shimmering altar of Xom.
  6057 | D:4      | Found an ancient bone altar of Kikubaaqudgha.
  6205 | D:4      | Became a worshipper of Xom of Many Doors
  6386 | D:4      | Reached XP level 8. HP: 28/31 MP: 1/15
  6613 | D:4      | XOM: silly message
  6857 | D:5      | Entered Level 5 of the Dungeon
  6885 | D:5      | Reached skill level 1 in Fighting
  7218 | D:5      | XOM: divination: detect items
  7242 | D:5      | Found Nexzutt's Antique Weapon Shop.
  7256 | D:5      | XOM: silly message
  7257 | D:5      | XOM: potion effect (invisibility)
  7606 | D:5      | XOM is BORED!
  7606 | D:5      | XOM: noise
  7624 | D:4      | Learned a level 3 spell: Mephitic Cloud
  7628 | D:4      | Learned a level 3 spell: Ignite Poison
  7664 | D:5      | Found a staircase to the Ecumenical Temple.
  7665 | D:5      | XOM: potion effect (haste)
  7677 | Temple   | Entered the Ecumenical Temple
  7981 | Temple   | XOM: 5-stop teleportation journey
  8000 | D:5      | XOM: divination: detect items
  8004 | D:5      | XOM: summons friendly iron imp
  8266 | D:5      | Reached skill level 5 in Fighting
  8486 | D:5      | XOM: divination: magic mapping
  8519 | D:5      | XOM: potion effect (magic)
  8520 | D:5      | XOM: fog
  8543 | D:5      | Reached skill level 3 in Dodging
  8620 | D:5      | XOM: destruction
  8986 | D:6      | XOM: 4-stop teleportation journey
  9040 | D:6      | XOM: god gift: twisted ring mail {god gift}
  9076 | D:6      | XOM is BORED!
  9076 | D:6      | XOM: summons 4 hostile shadow creatures
  9109 | D:6      | XOM: scenery: summon butterflies
  9414 | D:6      | XOM: scenery: create altars
  9433 | D:6      | Found a hazy altar of Hepliaklqana.
  9480 | D:6      | Reached skill level 4 in Dodging
  9539 | D:6      | XOM: god gift: leather armour {god gift}
  9813 | D:7      | XOM: fog
  9826 | D:7      | Reached skill level 5 in Dodging
  9827 | D:7      | Reached skill level 6 in Dodging
  9843 | D:7      | XOM: blink monster(s)
 10128 | D:7      | Reached XP level 9. HP: 40/40 MP: 6/16
 10200 | D:7      | XOM: enchant monster (good)
 10216 | D:7      | Reached skill level 7 in Dodging
 10451 | D:7      | Reached skill level 8 in Dodging
 10582 | D:7      | XOM: god gift: 55 gold pieces
 10730 | D:7      | XOM: 6-stop teleportation journey
 10736 | D:7      | Found a runed translucent gate.
 10736 | D:7      | Found a runed translucent gate.
 10816 | D:7      | Reached skill level 9 in Dodging
 10993 | D:7      | Found a runed translucent gate.
 11002 | D:7      | Noticed namelastname112's ghost (novice DrDe)
 11002 | D:7      | Noticed ma3's ghost (novice GnWn)
 11010 | D:7      | Found a shadowy altar of Dithmenos.
 11014 | D:7      | XOM: god gift: plate armour {god gift}
 11323 | D:7      | XOM: confuse monster(s)
 11452 | D:6      | XOM: noise
 11490 | D:7      | XOM: divination: magic mapping
 11504 | D:7      | XOM: cast spell 'Leda's Liquefaction'
 11511 | D:7      | XOM: butterfly on damage
 11514 | D:7      | Killed ma3's ghost
 11515 | D:7      | Reached skill level 10 in Dodging
 11515 | D:7      | XOM: noise
 11536 | D:7      | XOM: potion effect (curing)
 11551 | D:7      | XOM: divination: magic mapping
 11562 | D:7      | XOM: enchant monster (bad)
 11563 | D:7      | XOM: divination: magic mapping
 11777 | D:8      | Reached skill level 11 in Dodging
 11845 | D:8      | Noticed Grum
 11850 | D:8      | XOM: enchant monster (good)
 11853 | D:8      | XOM: scenery: summon butterflies
 11878 | D:8      | Killed Grum
 11879 | D:8      | Reached skill level 12 in Dodging
 12378 | D:8      | XOM is BORED!
 12378 | D:8      | XOM: blink monster(s)
 12514 | D:8      | Reached XP level 10. HP: 21/44 MP: 4/17
 13088 | D:8      | XOM is BORED!
 13088 | D:8      | XOM: give mutations
 13088 | D:8      | Gained mutation: You are dopey. (Int -2) [Xom's mischief]
 13088 | D:8      | Gained mutation: You are robust. (+10% HP) [Xom's mischief]
 13088 | D:8      | Gained mutation: You have a pair of small antennae on your
                  | head. [Xom's mischief]
 13088 | D:8      | Gained mutation: You are very dopey. (Int -4) [Xom's
                  | mischief]
 13384 | D:9      | Found a staircase to the Lair.
 13386 | D:9      | XOM: potion effect (magic)
 13390 | D:9      | XOM: confuse monster(s)
 13630 | D:9      | XOM: cloud trail
 13643 | D:9      | XOM: polymorph worker ant -> water moccasin
 14150 | D:9      | Noticed a glowing shapeshifter
 14150 | D:9      | a troll changed into a glowing shapeshifter
 14150 | D:9      | XOM: polymorph troll -> glowing shapeshifter
 14150 | D:9      | Noticed a torpor snail
 14150 | D:9      | a glowing shapeshifter changed into a torpor snail
 14151 | D:9      | XOM: potion effect (magic)
 14152 | D:9      | a torpor snail changed into a dream sheep
 14222 | D:9      | XOM: god gift: glowing rapier {god gift}
 14227 | D:9      | Found a staircase to the Orcish Mines.
 14390 | D:9      | Found a burning altar of Makhleb.
 14458 | D:9      | XOM: summons 1 hostile demon
 14466 | D:9      | XOM: summons 1 hostile demon
 14525 | D:9      | Reached skill level 10 in Poison Magic
 14626 | D:10     | Entered Level 10 of the Dungeon
 14663 | D:10     | XOM: god gift: 33 gold pieces
 14843 | D:10     | Found Kout Axt's Assorted Antiques.
 14851 | D:10     | Bought a potion of heal wounds for 170 gold pieces
 14851 | D:10     | Bought a scroll of identify for 68 gold pieces
 14877 | D:10     | Found a runed translucent gate.
 14877 | D:10     | Found a runed translucent gate.
 14878 | D:10     | Found a runed translucent gate.
 14880 | D:10     | Noticed wakim's ghost (novice OpTm)
 14901 | D:10     | Found Oriobe's Antique Weapon Boutique.
 14906 | D:10     | Found Evalor's Antique Weapon Shop.
 14990 | D:10     | XOM: polymorph bullfrog -> hornet
 15047 | D:10     | XOM: 3-stop teleportation journey
 15048 | D:10     | Noticed Erolcha
 15056 | D:10     | Killed Erolcha
 15057 | D:10     | Reached XP level 11. HP: 40/52 MP: 7/18
 15106 | D:10     | XOM: noise
 15176 | D:10     | Noticed Nergalle
 15189 | D:10     | XOM: confuse monster(s)
 15205 | D:10     | XOM: noise
 15468 | D:10     | XOM: god gift: wand of flame (15)
 15476 | D:10     | XOM: 1-stop teleportation journey
 15497 | D:10     | Found Tieteh's Assorted Antiques.
 15519 | D:10     | XOM: give mutation
 15519 | D:10     | Gained mutation: You possess an exceptional clarity of
                  | mind. [Xom's grace]
 15548 | D:10     | XOM: 5-stop teleportation journey
 15628 | D:10     | Found Rajom's Assorted Antiques.
 15641 | D:10     | Bought a scroll of identify for 54 gold pieces
 15641 | D:10     | Bought a scroll of identify for 54 gold pieces
 15641 | D:10     | Bought a scroll labelled PISEUM SUIFU for 27 gold pieces
 15706 | D:10     | XOM: give mutations
 15706 | D:10     | Gained mutation: You are partially covered in icy blue
                  | scales. (AC +2) [Xom's grace]
 15706 | D:10     | Gained mutation: You are very robust. (+20% HP) [Xom's
                  | grace]
 15707 | D:10     | XOM: summons friendly iron imp
 15712 | D:10     | XOM: cleaving
 15717 | D:10     | Killed Nergalle
 15718 | D:10     | Reached skill level 1 in Evocations
 15718 | D:10     | XOM: smoke on damage
 15874 | D:10     | XOM: scenery: create altars
 16037 | D:10     | XOM: god gift: wand of acid (10)
 16335 | D:10     | XOM: enchant monster (good)
 16341 | D:10     | XOM: divine lightning
 16348 | D:10     | XOM: blink monster(s)
 16354 | D:10     | XOM: cast spell 'Statue Form'
 16368 | D:10     | XOM: summons 7 friendly demons
 16390 | D:10     | Killed wakim's ghost
 16404 | D:10     | XOM: summons 5 friendly demons
 16492 | D:11     | XOM: enchant monster (good)
 16581 | D:11     | Noticed a purple ugly thing
 16581 | D:11     | XOM: summons friendly crimson imp
 16604 | D:11     | XOM: cast spell 'Shadow Creatures'
 16609 | D:11     | Killed a purple ugly thing
 16708 | D:11     | Noticed sixsigma's ghost (journeyman DEFE)
 16709 | D:11     | Found a transporter.
 16714 | D:11     | Found a transporter.
 16770 | D:11     | Noticed an unseen horror
 16779 | D:11     | Killed an unseen horror
 16780 | D:11     | Reached skill level 5 in Evocations
 17062 | D:11     | XOM: god gift: 15 gold pieces
 17098 | D:11     | XOM: scenery: summon butterflies
 17186 | D:11     | Noticed Sonja
 17193 | D:11     | XOM: cast spell 'Summon Dragon'
 17194 | D:11     | XOM: smoke on damage
 17194 | D:11     | Killed Sonja
 17212 | D:11     | XOM: cloud trail
 17439 | D:11     | Noticed a two-headed ogre
 17454 | D:11     | Killed a two-headed ogre
 17601 | D:11     | XOM: cloud trail
 17653 | D:11     | XOM: silly message
 17825 | D:11     | XOM: confuse monster(s)
 17835 | D:11     | XOM: cleaving
 17841 | D:11     | Killed sixsigma's ghost
 17939 | D:11     | XOM is BORED!
 17939 | D:11     | XOM: draining
 17969 | D:11     | XOM: cloud trail
 17988 | D:12     | Noticed a deep elf pyromancer
 17999 | D:11     | XOM: scenery: summon butterflies
 18036 | D:10     | XOM: god gift: 20 gold pieces
 18070 | Orc:1    | Entered Level 1 of the Orcish Mines
 18603 | Orc:2    | Entered Level 2 of the Orcish Mines
 18615 | Orc:2    | Identified Xom's Handbook of Power (Xom gifted it to you on
                  | level 2 of the Orcish Mines)
 18615 | Orc:2    | XOM: god gift: Xom's Handbook of Power
 18620 | Orc:2    | Noticed an orc sorcerer
 18623 | Orc:2    | Killed an orc sorcerer
 18669 | Orc:1    | Noticed an orc warlord
 18669 | Orc:1    | Noticed an orc sorcerer
 18673 | Orc:1    | Gained mutation: Your thick and shaggy fur keeps you warm.
                  | (AC +3, rC+) [Felid growth]
 18673 | Orc:1    | Reached XP level 12. HP: 53/67 MP: 12/19
 18673 | Orc:1    | XOM: fog
 18675 | Orc:1    | XOM: summons friendly quasit
 18809 | Orc:2    | XOM: silly message
 18817 | Orc:2    | Found a staircase to the Elven Halls.
 19037 | Orc:2    | XOM: silly message
 19225 | Orc:2    | XOM: divination: detect items
 19289 | Orc:2    | Noticed an orc high priest
 19293 | Orc:2    | XOM: cast spell 'Metabolic Englaciation'
 19300 | Orc:2    | Killed an orc high priest
 19422 | Orc:2    | Found a roughly hewn altar of Beogh.
 19444 | Orc:2    | XOM: divination: detect creatures
 19524 | Orc:2    | Noticed Saint Roka
 19541 | Orc:2    | XOM: divination: detect creatures
 19543 | Orc:2    | Reached skill level 10 in Fighting
 19823 | Orc:2    | XOM: 1-stop teleportation journey
 19852 | Orc:2    | Paralysed by an orc sorcerer for 4 turns
 19854 | Orc:2    | XOM: butterfly on damage
 19873 | Orc:2    | Found Daett's Book Emporium.
 19873 | Orc:2    | Found a roughly hewn altar of Beogh.
 20203 | Orc:2    | XOM: cast spell 'Summon Dragon'
 20235 | Orc:2    | Killed Saint Roka
 20236 | Orc:2    | Reached skill level 10 in Evocations
 20345 | Orc:2    | XOM: silly message
 20534 | Orc:2    | Found Duettoc's Antique Armour Emporium.
 20539 | Orc:2    | XOM: enchant monster (good)
 20543 | Orc:2    | Found Dikkool's General Store.
 20694 | Orc:2    | Bought a scroll of identify for 36 gold pieces
 20694 | Orc:2    | Bought a scroll of fog for 36 gold pieces
 20702 | Orc:2    | Found Noapitt's Antique Weapon Emporium.
 20915 | Orc:2    | Bought a book of Transfigurations for 550 gold pieces
 20922 | Orc:2    | Learned a level 6 spell: Statue Form
 21026 | Lair:1   | Entered Level 1 of the Lair of Beasts
 21321 | Lair:1   | Noticed a seven-headed hydra
 21388 | Lair:1   | a seven-headed hydra changed into a shapeshifter
 21388 | Lair:1   | XOM: polymorph seven-headed hydra -> shapeshifter
 21398 | Lair:1   | Reached skill level 1 in Earth Magic
 22361 | Lair:2   | Found a staircase to the Snake Pit.
 22361 | Lair:2   | Noticed a death yak
 22361 | Lair:2   | Noticed a death yak
 22361 | Lair:2   | Noticed a death yak
 22361 | Lair:2   | Noticed a death yak
 22413 | Lair:2   | Reached XP level 13. HP: 75/75 MP: 0/20
 22558 | Lair:2   | XOM: chaos cloud
 22670 | Lair:2   | XOM: give mutation
 22670 | Lair:2   | Gained mutation: You are weak. (Str -2) [Xom's mischief]
 22776 | Lair:1   | XOM: blink monster(s)
 22782 | Lair:1   | Reached skill level 1 in Conjurations
 22782 | Lair:1   | Reached skill level 1 in Air Magic
 23013 | Lair:2   | XOM: potion effect (haste)
 23017 | Lair:2   | XOM: silly message
 23027 | Lair:2   | XOM: silly message
 23046 | Lair:2   | Noticed a spark wasp
 23046 | Lair:2   | a death yak changed into a spark wasp
 23046 | Lair:2   | XOM: polymorph death yak -> spark wasp
 23056 | Lair:2   | XOM: noise
 23063 | Lair:2   | Killed a spark wasp
 23191 | Lair:2   | XOM: torment (39/75 hp)
 23526 | Lair:2   | XOM: summons 1 hostile shadow creature
 24269 | Lair:2   | Found a staircase to the Swamp.
 24457 | Lair:2   | XOM: summons 3 hostile demons
 24506 | Lair:2   | XOM: 2-stop teleportation journey
 24513 | Lair:2   | XOM: summons 7 hostile demons
 24639 | Lair:2   | You fall into a shaft and drop 1 floor!
 24729 | Lair:3   | XOM: fog
 25084 | Lair:3   | XOM: give mutation
 25084 | Lair:3   | Lost mutation: You are weak. (Str -2) [Xom's mischief]
 25187 | Lair:3   | XOM: silly message
 25521 | Lair:3   | Reached skill level 5 in Transmutations
 25806 | Lair:3   | XOM: god gift: helmet {god gift}
 26071 | Lair:4   | XOM: blink monster(s)
 26193 | Lair:4   | XOM: 3-stop teleportation journey
 26205 | Lair:4   | XOM: silly message
 26213 | Lair:4   | XOM: potion effect (curing)
 26226 | Lair:3   | XOM: enchant monster (good)
 26326 | Lair:4   | XOM: enchant monster (good)
 26331 | Lair:4   | XOM: scenery: create altars
 26334 | Lair:4   | Reached skill level 5 in Earth Magic
 26439 | Lair:4   | XOM: blink monster(s)
 26667 | Lair:4   | XOM: silly message
 26680 | Lair:4   | XOM: divination: detect creatures
 26684 | Lair:4   | XOM: cast spell 'Summon Small Mammal'
 26690 | Lair:4   | XOM: silly message
 26693 | Lair:4   | XOM: summons 7 hostile demons
 26721 | Lair:4   | XOM: polymorph water moccasin -> bullfrog
 26735 | Lair:4   | XOM: polymorph ufetubus -> white imp
 26753 | Lair:5   | XOM: give mutations
 26753 | Lair:5   | Lost mutation: You are very dopey. (Int -4) [Xom's
                  | mischief]
 26753 | Lair:5   | Gained mutation: You occasionally shout uncontrollably at
                  | your foes. [Xom's mischief]
 26792 | Lair:5   | XOM: give mutations
 26792 | Lair:5   | Gained mutation: You are partially covered in rugged brown
                  | scales. (AC +1, +3% HP) [Xom's mischief]
 26792 | Lair:5   | Lost mutation: You occasionally shout uncontrollably at
                  | your foes. [Xom's mischief]
 26812 | Lair:5   | Identified a scroll of acquirement
 27283 | Lair:5   | XOM: summons 3 hostile shadow creatures
 27358 | Lair:4   | XOM: noise
 27371 | Lair:4   | XOM: give mutations
 27371 | Lair:4   | Lost mutation: You are very robust. (+20% HP) [Xom's
                  | mischief]
 27371 | Lair:4   | Lost mutation: You are robust. (+10% HP) [Xom's mischief]
 27374 | Lair:4   | XOM: noise
 27377 | Lair:4   | XOM: summons 3 friendly demons
 27389 | Lair:4   | Reached XP level 14. HP: 69/69 MP: 2/21
 27510 | Lair:4   | XOM: silly message
 27867 | Lair:5   | Noticed Josephine
 28134 | Lair:5   | Found a staircase to the Slime Pits.
 28145 | Lair:5   | XOM: divination: detect creatures
 28254 | Lair:5   | XOM: cloud trail
 28421 | Lair:5   | XOM: silly message
 28616 | Lair:5   | XOM: potion effect (curing)
 28619 | Lair:5   | Found the +4 dagger "Morg" {pain, Will+ Int+5}
 28657 | Lair:5   | XOM: fog
 28658 | Lair:5   | XOM: cleaving
 28697 | Lair:5   | XOM is BORED!
 28697 | Lair:5   | XOM: enchant monster (bad)
 28719 | Lair:5   | XOM: noise
 28840 | Lair:5   | XOM: silly message
 28989 | Lair:5   | XOM: noise
 29233 | Lair:5   | XOM: cloud trail
 29342 | Lair:5   | Noticed Josephine
 29342 | Lair:5   | Josephine changed into Josephine the komodo dragon
 29342 | Lair:5   | XOM: polymorph Josephine -> Josephine the komodo dragon
 29351 | Lair:5   | XOM: blink monster(s)
 29352 | Lair:5   | XOM: divination: magic mapping
 29357 | Lair:5   | XOM: summons 8 hostile demons
 29363 | Lair:5   | Killed Josephine the komodo dragon
 29386 | Lair:5   | XOM: polymorph quasit -> crimson imp
 29421 | Lair:5   | XOM: scenery: create altars
 29425 | Lair:5   | XOM: god gift: book of Flames
 29473 | Lair:5   | XOM: god gift: jewelled broad axe {god gift}
 29500 | Lair:5   | XOM is BORED!
 29578 | Lair:6   | Entered Level 6 of the Lair of Beasts
 29727 | Lair:5   | XOM: give mutations
 29727 | Lair:5   | Gained mutation: Your body sometimes deteriorates upon
                  | taking damage. [Xom's mischief]
 29727 | Lair:5   | Lost mutation: Your body sometimes deteriorates upon taking
                  | damage. [Xom's mischief]
 29727 | Lair:5   | Lost mutation: You possess an exceptional clarity of mind.
                  | [Xom's mischief]
 29972 | Lair:6   | XOM: stat loss: -1 Dex (16/17)
 30111 | Lair:6   | XOM: 1-stop teleportation journey
 30297 | Lair:6   | XOM: 2-stop teleportation journey
 30452 | Lair:6   | XOM: confusion (+ monsters)
 30529 | Lair:6   | XOM: summons friendly shadow imp
 30741 | Lair:6   | XOM: cast spell 'Statue Form'
 31242 | Lair:6   | XOM: scenery: summon butterflies
 31360 | Lair:6   | Reached skill level 10 in Transmutations
 31495 | Lair:6   | XOM: polymorph yak -> troll
 31500 | Lair:6   | XOM: summons 4 hostile shadow creatures
 31607 | Lair:6   | XOM: give mutations
 31607 | Lair:6   | Gained mutation: You are surrounded by a mild repulsion
                  | field. (EV +2) [Xom's mischief]
 31607 | Lair:6   | Gained mutation: You are weak. (Str -2) [Xom's mischief]
 31607 | Lair:6   | Gained mutation: Potions are less effective at restoring
                  | your health. [Xom's mischief]
 31759 | Lair:6   | XOM: confusion (+ monsters)
 31994 | Lair:6   | XOM: chaos cloud
 32004 | Lair:6   | Mangled by a death yak
 32005 | Lair:6   | Reached XP level 13. HP: -9/64 MP: 2/20
 32065 | Lair:6   | XOM: summons 7 hostile demons
 32278 | Lair:6   | XOM: silly message
 32567 | Lair:2   | XOM: silly message
 32661 | Lair:2   | XOM: confuse monster(s)
 33884 | D:12     | XOM: give mutation
 33884 | D:12     | Lost mutation: You are dopey. (Int -2) [Xom's mischief]
 33920 | D:12     | XOM: 9-stop teleportation journey
 34199 | D:11     | XOM: summons 3 hostile demons
 34555 | D:12     | Reached XP level 14. HP: 69/69 MP: 13/21
 35165 | D:13     | XOM: silly message
 35235 | D:13     | XOM: 1-stop teleportation journey
 35274 | D:13     | XOM: 2-stop teleportation journey
 35385 | D:13     | XOM: scenery: create altars
 35547 | D:13     | XOM: enchant monster (good)
 35572 | D:13     | XOM: give mutation
 35572 | D:13     | Lost mutation: Potions are less effective at restoring your
                  | health. [Xom's mischief]
 35632 | D:13     | XOM: swap monsters
 36558 | D:13     | XOM: enchant monster (bad)
 36806 | D:13     | Found a gate to the Vaults.
 36953 | D:14     | XOM: 2-stop teleportation journey
 36955 | D:14     | XOM: summons 1 hostile shadow creature
 36981 | D:14     | XOM: stat loss: -1 Int (20/21)
 37000 | D:14     | XOM: enchant monster (bad)
 37014 | D:14     | Reached skill level 10 in Earth Magic
 37027 | D:14     | Noticed a frost giant
 37058 | D:14     | XOM: summons 6 friendly demons
 37069 | D:14     | Killed a frost giant
 37098 | D:14     | XOM: give mutations
 37098 | D:14     | Gained mutation: Your spells are a little harder to cast,
                  | but a little more powerful. [Xom's grace]
 37098 | D:14     | Gained mutation: You evolve. [Xom's grace]
 37287 | D:14     | XOM: scenery: summon butterflies
 37554 | Elf:1    | Entered Level 1 of the Elven Halls
 37606 | Elf:1    | XOM: divination: detect creatures
 37663 | Elf:1    | Found Wodwor's Antique Armour Shop.
 37772 | Elf:1    | Found Uwas's Antique Weapon Boutique.
 37845 | Elf:1    | Lost mutation: You have a pair of small antennae on your
                  | head. [evolution]
 37941 | Elf:1    | XOM: cloud trail
 38039 | Elf:1    | Found Weit's Jewellery Boutique.
 38117 | Elf:1    | Bought a ring of willpower for 375 gold pieces
 38147 | Elf:1    | Noticed Jorgrun
 38149 | Elf:1    | Reached skill level 1 in Unarmed Combat
 38153 | Elf:1    | Mangled by Jorgrun
 38154 | Elf:1    | Reached XP level 13. HP: -10/64 MP: 5/20
 38244 | Elf:1    | XOM: cloud trail
 38350 | Elf:2    | XOM: fog
 38482 | Elf:2    | XOM: potion effect (brilliance)
 38522 | Elf:2    | XOM: cloud trail
 38589 | Elf:1    | Killed Jorgrun
 38590 | Elf:1    | Reached skill level 5 in Unarmed Combat
 38595 | Elf:1    | Gained mutation: Your flesh is cold resistant. (rC+)
                  | [evolution]
 38742 | Swamp:1  | Entered Level 1 of the Swamp
 38746 | Swamp:1  | Identified the +1 pair of gloves of the Heavens {*Corrode
                  | rC+ Str+4 Int+7}
 38746 | Swamp:1  | Noticed Nikola
 38746 | Swamp:1  | XOM: summons friendly ynoxinul
 38838 | Swamp:1  | Noticed an eleionoma
 38840 | Swamp:1  | XOM: scenery: create altars
 38845 | Swamp:1  | XOM: summons friendly smoke demon
 38845 | Swamp:1  | Killed an eleionoma
 38941 | Swamp:1  | XOM: summons friendly quasit
 38945 | Swamp:1  | Killed Nikola
 38954 | Swamp:1  | XOM: scenery: summon butterflies
 39158 | Swamp:1  | XOM: confuse monster(s)
 39160 | Swamp:1  | Reached XP level 14. HP: 49/69 MP: 8/21
 39177 | Swamp:1  | XOM: enchant monster (good)
 39410 | Lair:2   | XOM: fog
 39654 | Snake:1  | Entered Level 1 of the Snake Pit
 39654 | Snake:1  | Found Wosk's Distillery.
 39655 | Snake:1  | Found Epecag's Antique Armour Shop.
 39656 | Snake:1  | Found Xeahioweo's Weapon Shop.
 39664 | Snake:1  | Found Ececiwes's Antique Armour Emporium.
 39817 | Snake:1  | XOM: scenery: create altars
 39870 | Snake:1  | XOM: enchant monster (bad)
 40037 | Snake:1  | Found Niuhiz's Assorted Antiques.
 40047 | Snake:1  | Bought a scroll of blinking for 247 gold pieces
 40047 | Snake:1  | Bought a potion of heal wounds for 165 gold pieces
 40056 | Snake:1  | Acquired a book of Hexes
 40079 | Snake:1  | Noticed Aizul
 40112 | Snake:1  | XOM: confuse monster(s)
 40113 | Snake:1  | XOM: cast spell 'Statue Form'
 40113 | Snake:1  | Killed Aizul
 40114 | Snake:1  | XOM: divination: magic mapping
 40208 | Snake:1  | XOM: god gift: tin of tremorstones (2/2)
 40489 | Snake:1  | XOM: 1-stop teleportation journey
 40658 | Snake:2  | XOM: noise
 40702 | Snake:1  | XOM: cloud trail
 40886 | Snake:2  | Found Fotumag's Antique Weapon Shoppe.
 40901 | Snake:2  | XOM: cast spell 'Summon Ice Beast'
 41010 | Snake:2  | Found Kihe's Magic Scroll Emporium.
 41011 | Snake:2  | XOM: silly message
 41019 | Snake:2  | XOM: summons friendly white imp
 41031 | Snake:2  | XOM: divination: detect items
 41109 | Snake:2  | Bought a scroll of teleportation for 60 gold pieces
 41109 | Snake:2  | Bought a scroll of teleportation for 60 gold pieces
 41109 | Snake:2  | Bought a scroll of teleportation for 60 gold pieces
 41217 | Snake:2  | XOM: cast spell 'Metabolic Englaciation'
 41272 | Snake:2  | XOM: cast spell 'Dispersal'
 41288 | Snake:2  | Identified Xom's Handbook of the Game Afoot (Xom gifted it
                  | to you on level 2 of the Snake Pit)
 41288 | Snake:2  | XOM: god gift: Xom's Handbook of the Game Afoot
 41289 | Snake:2  | XOM: god gift: potion of heal wounds
 41300 | Snake:2  | XOM: summons friendly iron imp
 41380 | Snake:2  | XOM: scenery: create altars
 41543 | Snake:2  | XOM: cast spell 'Summon Dragon'
 41656 | Snake:2  | XOM: potion effect (curing)
 41707 | Snake:2  | XOM: enchant monster (good)
 41710 | Snake:2  | XOM: summons friendly ufetubus
 41726 | Snake:2  | Noticed a nagaraja
 41726 | Snake:2  | XOM: enchant monster (good)
 41735 | Snake:2  | Reached XP level 15. HP: 60/73 MP: 13/22
 41735 | Snake:2  | Killed a nagaraja
 41798 | Snake:2  | Learned a level 2 spell: Blink
 42196 | Snake:3  | XOM: god gift: 14 stones
 42283 | Snake:3  | XOM: smoke on damage
 42287 | Snake:3  | HP: 1/73 [something (8)]
 42411 | Snake:3  | Reached skill level 5 in Spellcasting
 42420 | Snake:3  | XOM: smoke on damage
 42449 | Snake:3  | XOM: cloud trail
 42623 | Snake:3  | Learned a level 5 spell: Irradiate
 42824 | Snake:3  | XOM: 5-stop teleportation journey
 42832 | Snake:3  | XOM: potion effect (brilliance)
 42835 | Snake:3  | XOM: enchant monster (bad)
 42900 | Snake:3  | Noticed Vashnia
 42913 | Snake:3  | HP: 2/94 [Vashnia/arrow (12)]
 42916 | Snake:3  | Shot with an arrow by Vashnia
 42917 | Snake:3  | Reached XP level 14. HP: 0/89 MP: 22/24
 42917 | Snake:3  | Reached skill level 5 in Conjurations
 42940 | Snake:3  | XOM: confuse monster(s)
 42950 | Snake:3  | Killed Vashnia
 43344 | Snake:3  | XOM: god gift: long jewelled staff {god gift}
 43505 | Snake:4  | Entered Level 4 of the Snake Pit
 43613 | Snake:4  | Found Lunn's Weapon Shoppe.
 43738 | Snake:4  | XOM: god gift: papyrus book {god gift}
 44123 | Snake:4  | Gained mutation: You are clumsy. (Dex -2) [evolution]
 44182 | Snake:4  | Noticed a nagaraja
 44184 | Snake:4  | Noticed a nagaraja
 44189 | Snake:4  | Killed a nagaraja
 44190 | Snake:4  | Killed a nagaraja
 44258 | Snake:4  | XOM: enchant monster (good)
 44308 | Snake:4  | Noticed a nagaraja
 44317 | Snake:4  | XOM: summons friendly crimson imp
 44318 | Snake:4  | Killed a nagaraja
 44319 | Snake:4  | Reached XP level 15. HP: 73/73 MP: 15/25
 44319 | Snake:4  | XOM: confuse monster(s)
 44583 | Snake:4  | Noticed a nagaraja
 44588 | Snake:4  | Noticed a nagaraja
 44599 | Snake:4  | Killed a nagaraja
 44602 | Snake:4  | Killed a nagaraja
 44609 | Snake:4  | Noticed a nagaraja
 44619 | Snake:4  | Killed a nagaraja
 44620 | Snake:4  | Noticed a nagaraja
 44620 | Snake:4  | XOM: summons friendly shadow imp
 44623 | Snake:4  | XOM: divination: detect items
 44793 | Snake:4  | Killed a nagaraja
 44852 | Snake:4  | Reached skill level 10 in Conjurations
 44901 | Snake:4  | Noticed a nagaraja
 44903 | Snake:4  | XOM: enchant monster (good)
 44969 | Snake:4  | Killed a nagaraja
 45022 | Snake:4  | XOM: give mutation
 45022 | Snake:4  | Gained mutation: You are strong-willed. (Will+) [Xom's
                  | grace]
 45088 | Snake:4  | Reached skill level 13 in Dodging
 45088 | Snake:4  | Noticed a nagaraja
 45102 | Snake:4  | Killed a nagaraja
 45127 | Snake:4  | XOM: cast spell 'Olgreb's Toxic Radiance'
 45325 | Snake:4  | Noticed a nagaraja
 45333 | Snake:4  | Reached skill level 14 in Dodging
 45335 | Snake:4  | Killed a nagaraja
 45524 | Snake:4  | Got a serpentine rune of Zot
 45997 | Swamp:1  | XOM: god gift: 21 sling bullets
 46321 | Swamp:2  | XOM: 1-stop teleportation journey
 46415 | Swamp:2  | XOM: cloud trail
 46424 | Swamp:2  | Reached XP level 16. HP: 79/79 MP: 15/26
 46464 | Swamp:2  | Noticed a thorn hunter
 46552 | Swamp:2  | XOM: divination: detect creatures
 46558 | Swamp:2  | XOM: fog
 46563 | Swamp:2  | Killed a thorn hunter
 46773 | Swamp:2  | Noticed a thorn hunter
 46781 | Swamp:2  | HP: 1/102 [thorn hunter/volley of thorns (11)]
 46792 | Swamp:2  | Killed a thorn hunter
 46845 | Swamp:2  | Reached skill level 15 in Dodging
 47158 | Swamp:2  | XOM: enchant monster (good)
 47219 | Swamp:2  | XOM: summons 4 friendly demons
 47664 | Swamp:3  | XOM: cleaving
 47671 | Swamp:3  | Noticed Donald
 47680 | Swamp:3  | Killed Donald
 47685 | Swamp:3  | XOM: confuse monster(s)
 48053 | Swamp:3  | XOM: confuse monster(s)
 48080 | Swamp:3  | XOM: polymorph alligator -> fire dragon
 48287 | Swamp:3  | XOM: silly message
 48420 | Swamp:3  | XOM: cloud trail
 48525 | Swamp:4  | Entered Level 4 of the Swamp
 48527 | Swamp:4  | Lost mutation: Your flesh is cold resistant. (rC+)
                  | [evolution]
 48527 | Swamp:4  | Lost mutation: You evolve. [end of evolution]
 48563 | Swamp:4  | XOM: divination: magic mapping
 48579 | Swamp:4  | XOM: divination: magic mapping
 48700 | Swamp:4  | XOM: polymorph bunyip -> glowing shapeshifter
 48727 | Swamp:4  | XOM: noise
 48907 | Swamp:4  | Learned a level 6 spell: Eringya's Noxious Bog
 49063 | Swamp:4  | XOM: 1-stop teleportation journey
 49075 | Swamp:4  | XOM: divination: detect creatures
 49076 | Swamp:4  | XOM: enchant monster (good)
 49084 | Swamp:4  | Noticed the 27-headed Lernaean hydra
 49086 | Swamp:4  | XOM: polymorph swamp dragon -> wind drake
 49086 | Swamp:4  | HP: 5/104 [seven-headed hydra (8)]
 49086 | Swamp:4  | Slain by a seven-headed hydra
 49087 | Swamp:4  | Reached XP level 15. HP: -4/97 MP: 16/29
 49205 | Swamp:4  | XOM: give mutations
 49205 | Swamp:4  | Lost mutation: You are clumsy. (Dex -2) [Xom's mischief]
 49205 | Swamp:4  | Lost mutation: You are partially covered in icy blue
                  | scales. (AC +2) [Xom's mischief]
 49205 | Swamp:4  | Lost mutation: You are strong-willed. (Will+) [Xom's
                  | mischief]
 49205 | Swamp:4  | Gained mutation: Your flesh is heat resistant. (rF+) [Xom's
                  | mischief]
 49464 | Vaults:1 | XOM: noise
 49464 | Vaults:1 | Entered Level 1 of the Vaults
 49475 | Vaults:1 | XOM: swap monsters
 49540 | Vaults:1 | XOM: scenery: 1 doors open, 1 doors close
 49541 | Vaults:1 | XOM: polymorph yaktaur captain -> goliath frog
 49648 | Vaults:1 | XOM: 2-stop teleportation journey
 49739 | Vaults:1 | XOM: blink monster(s)
 49748 | Vaults:1 | Reached XP level 16. HP: 80/80 MP: 11/30
 49830 | Vaults:1 | XOM: cloud trail
 49895 | Vaults:1 | XOM: 1-stop teleportation journey
 49909 | Vaults:1 | XOM: blink monster(s)
 50034 | Vaults:1 | XOM: cleaving
 50258 | Vaults:1 | XOM: god gift: dyed leather armour {god gift}
 50297 | Vaults:1 | XOM: fog
 50441 | Vaults:1 | XOM: fog
 50444 | Vaults:1 | Reached skill level 16 in Dodging
 50457 | Vaults:1 | XOM: summons friendly crimson imp
 50680 | D:14     | XOM: noise
 50765 | D:14     | XOM: god gift: twitching amber ring {god gift}
 50766 | D:14     | Got a twitching amber ring {god gift}
 50770 | D:14     | Identified the ring "Lorhywn" {+Fly rPois Int-5 Dex+6} (Xom
                  | gifted it to you on level 14 of the Dungeon)
 51146 | D:14     | XOM: polymorph yaktaur captain -> yaktaur captain
 51170 | D:14     | XOM: divination: magic mapping
 51215 | D:14     | XOM: scenery: summon butterflies
 51238 | D:14     | XOM: enchant monster (good)
 51240 | D:14     | XOM: enchant monster (bad)
 51314 | D:14     | XOM: scenery: 2 doors close
 51317 | D:14     | XOM: fake destruction
 51440 | D:14     | XOM: give mutations
 51440 | D:14     | Gained mutation: You have a pair of small horns on your
                  | head. [Xom's grace]
 51440 | D:14     | Gained mutation: You are agile. (Dex +2) [Xom's grace]
 51440 | D:14     | Gained mutation: You are somewhat resistant to further
                  | mutation. [Xom's grace]
 51488 | D:14     | XOM: give mutations
 51488 | D:14     | Gained mutation: You are somewhat resistant to both further
                  | mutation and mutation removal. [Xom's grace]
 51488 | D:14     | Lost mutation: You are weak. (Str -2) [Xom's grace]
 51488 | D:14     | Gained mutation: You are almost entirely resistant to
                  | further mutation and mutation removal. [Xom's grace]
 51873 | D:15     | Entered Level 15 of the Dungeon
 52088 | D:15     | Found a frozen archway.
 52109 | IceCv    | Entered an ice cave
 52431 | IceCv    | XOM: divination: magic mapping
 52507 | IceCv    | XOM: fog
 52512 | IceCv    | Reached skill level 17 in Dodging
 52622 | IceCv    | Got a crude copper ring
 52626 | IceCv    | Identified the ring of Red Wine {Wiz Dex+2} (You found it
                  | in an ice cave)
 52736 | IceCv    | XOM: scenery: create altars
 52877 | IceCv    | XOM: give mutations
 52877 | IceCv    | Gained mutation: You are partially covered in thin metallic
                  | scales. (AC +2) [Xom's grace]
 52877 | IceCv    | Gained mutation: Your flesh is very heat resistant. (rF++)
                  | [Xom's grace]
 52877 | IceCv    | Gained mutation: Your spells are harder to cast, but more
                  | powerful. [Xom's grace]
 53058 | D:15     | Found a staircase to the Depths.
 53059 | D:15     | XOM: enchant monster (good)
 53063 | D:15     | XOM: smoke on damage
 53209 | D:15     | XOM: swap monsters
 53537 | D:15     | XOM: polymorph water moccasin -> rime drake
 53670 | D:15     | XOM: give mutations
 53670 | D:15     | Gained mutation: Your spells are much harder to cast, but
                  | much more powerful. [Xom's grace]
 53670 | D:15     | Gained mutation: You are robust. (+10% HP) [Xom's grace]
 53670 | D:15     | Gained mutation: Your mind is acute. (Int +2) [Xom's grace]
 53732 | D:15     | Found a portal to a secret trove of treasure.
 53833 | D:13     | XOM: scenery: 1 doors close
 53837 | Vaults:1 | XOM: confuse monster(s)
 53845 | Vaults:1 | XOM: give mutations
 53845 | Vaults:1 | Gained mutation: You expend magic power (3 MP) to
                  | strengthen your wands. [Xom's grace]
 53845 | Vaults:1 | Gained mutation: You are very agile. (Dex +4) [Xom's grace]
 53867 | Vaults:1 | XOM: cast spell 'Leda's Liquefaction'
 53869 | Vaults:1 | XOM: divination: magic mapping
 53888 | Vaults:1 | XOM: cloud trail
 53902 | Vaults:1 | XOM: silly message
 53906 | Vaults:1 | XOM: confuse monster(s)
 54246 | Vaults:1 | XOM: summons 9 hostile demons
 54382 | Vaults:1 | XOM: destruction
 54384 | Vaults:1 | XOM: confuse monster(s)
 54537 | Vaults:1 | XOM: summons 3 hostile demons
 54700 | Vaults:2 | XOM: 1-stop teleportation journey
 54803 | Vaults:2 | XOM: confusion (+ monsters)
 54812 | Vaults:2 | XOM: cleaving
 54928 | Vaults:2 | Reached skill level 15 in Fighting
 54930 | Vaults:2 | Reached XP level 17. HP: 96/96 MP: 28/31
 55037 | Vaults:2 | XOM: 1-stop teleportation journey
 55046 | Vaults:2 | XOM: polymorph cyclops -> floating eye
 55095 | Vaults:2 | XOM: give mutations
 55095 | Vaults:2 | Lost mutation: You are very agile. (Dex +4) [Xom's
                  | mischief]
 55095 | Vaults:2 | Lost mutation: You are partially covered in thin metallic
                  | scales. (AC +2) [Xom's mischief]
 55095 | Vaults:2 | Lost mutation: Your mind is acute. (Int +2) [Xom's
                  | mischief]
 55120 | Vaults:2 | Found Amemoh's Antique Armour Shop.
 55132 | Vaults:2 | XOM: summons friendly crimson imp
 55226 | Vaults:2 | XOM: scenery: 1 doors close
 55276 | Vaults:2 | XOM: 1-stop teleportation journey
 55285 | Vaults:2 | XOM: cleaving
 55353 | Vaults:2 | XOM: summons friendly ufetubus
 55531 | Vaults:2 | XOM: 1-stop teleportation journey
 55571 | Vaults:2 | Found Qacal's Armour Emporium.
 55631 | Vaults:1 | XOM: noise
 55700 | D:13     | XOM: give mutations
 55700 | D:13     | Lost mutation: You have a pair of small horns on your head.
                  | [Xom's mischief]
 55700 | D:13     | Lost mutation: You expend magic power (3 MP) to strengthen
                  | your wands. [Xom's mischief]
 55700 | D:13     | Lost mutation: You are agile. (Dex +2) [Xom's mischief]
 55700 | D:13     | Lost mutation: You are robust. (+10% HP) [Xom's mischief]
 55911 | Vaults:2 | Reached skill level 1 in Hexes
 55917 | Vaults:2 | Found a staircase to the Crypt.
 55953 | Vaults:2 | XOM: torment (89/113 hp)
 56045 | Vaults:2 | XOM: chaos upgrade
 56106 | Vaults:2 | XOM: blink monster(s)
 56114 | Vaults:2 | Reached skill level 5 in Hexes
 56123 | Vaults:2 | XOM: potion effect (magic)
 56131 | Vaults:2 | HP: 4/87 [deep troll earth mage[an ironheart preserver]
                  | (11)]
 56133 | Vaults:2 | Mangled by a deep troll earth mage
 56134 | Vaults:2 | Reached XP level 16. HP: -9/83 MP: 36/39
 56180 | Vaults:2 | XOM: divination: detect items
 56258 | Vaults:2 | XOM: confusion (+ monsters)
 56259 | Vaults:2 | XOM: divination: detect creatures
 56269 | Vaults:2 | XOM: cast spell 'Metabolic Englaciation'
 56272 | Vaults:2 | XOM: scenery: 1 doors close
 56322 | Vaults:2 | Reached skill level 10 in Hexes
 56322 | Vaults:2 | Reached XP level 17. HP: 80/87 MP: 31/31
 57099 | Vaults:2 | XOM: scenery: 1 doors close
 57230 | Vaults:2 | Found a runed translucent door.
 57230 | Vaults:2 | Found a shimmering altar of Xom.
 57230 | Vaults:2 | Noticed Qoinem's ghost (adept DDFi)
 57247 | Vaults:2 | XOM: fake destruction
 57276 | Vaults:2 | Killed Qoinem's ghost
 57464 | Vaults:3 | XOM: god gift: scroll of teleportation
 57489 | Vaults:3 | XOM: summons 3 hostile demons
 57509 | Vaults:3 | XOM: summons 5 friendly demons
 57619 | Vaults:3 | XOM: swap monsters
 57709 | Vaults:3 | XOM: summons friendly iron imp
 57751 | Vaults:3 | XOM: confuse monster(s)
 57763 | Vaults:3 | Reached XP level 18. HP: 74/91 MP: 21/32
 57796 | Vaults:3 | XOM: scenery: 2 doors close
 57814 | Vaults:3 | XOM: enchant monster (good)
 57816 | Vaults:3 | Reached skill level 15 in Hexes
 57831 | Vaults:3 | XOM: scenery: 1 doors close
 57848 | Vaults:3 | XOM: polymorph orc knight -> moth of wrath
 57896 | Vaults:3 | XOM: silly message
 57919 | Vaults:3 | XOM: cast spell 'Shadow Creatures'
 58013 | Vaults:3 | Slain by a brown very ugly thing

Illustrated notes

Levels and vault maps discovered:
D:1:      erik_arrival_blinker_ship, layout_basic, minmay_split_cup_small
D:2:      layout_loops_ring
D:3:      layout_loops_ring, uniq_crazy_yiuf_cottage
D:4:      layout_loops_ring, lemuel_round_altar,
          chequers_temple_overflow_minitemple, ebering_ghost_inner_flame,
          uniq_pikel
D:5:      layout_basic, minmay_temple_entry_glass, serial_shops,
          nicolae_shop_crystal
D:6:      layout_loops_cross, lemuel_statue_altar
D:7:      minmay_spotlight, layout_cave_pools, gammafunk_ghost_cemetery,
          nicolae_dithmenos_shadow_blocks
D:8:      layout_gridville, uniq_grum
D:9:      layout_roguey, erik_lair_island, basic_altar
D:10:     layout_basic, gammafunk_ghost_spectres, serial_shops, shop, shop,
          shop_statue, shop_fountains, nicolae_shop_overgrown_old_shop,
          minivault_25, uniq_nergalle, uniq_erolcha
D:11:     layout_basic, gammafunk_ghost_hive, uniq_sonja
D:12:     layout_layer_cave, serial_park_tiny_2
D:13:     layout_rooms, david_vaults_1, serial_co_window_serial,
          co_window_cross_1, co_window_corner_a, co_window_paths_b,
          co_window_paths_a, co_window_of_opportunity_a, co_window_corner_a,
          co_window_corner_a, co_window_paths_b, co_window_corner_a,
          co_window_broadway_c, co_window_2corner, co_window_broadway_b,
          co_window_corner_ca, co_window_unsneaky_path_b, co_window_2corner,
          glass_columns_c, glass_columns_b
D:14:     cheibrodos_leafed_vault, layout_long_grid
D:15:     grunt_enter_depths_magical_seal, layout_basic,
          portal_ice_cave_demonic_guard, enter_trove_3
Temple:   eino_temple_scatter_basement
Lair:1:   layout_loops_ring, chequers_serial_rivers_room_b
Lair:2:   layout_layer_cave, minmay_swamp_entry_swarm,
          minmay_snake_entry_spellcaster, chequers_serial_rivers_micro_e,
          beast_lair_carwin_2, grunt_megastairs_2
Lair:3:   beast_lair_carwin_large_3, layout_big_grid
Lair:4:   layout_misc_corridors
Lair:5:   layout_gridlike, minmay_slime_entry_pillars, st_stairs_13,
          minmay_lair_oklob_chamber, uniq_josephine
Lair:6:   evilmike_catoblepas_cave, layout_concentric_octagons,
          guppyfry_lair_drakes
Swamp:1:  layout_basic_swamp, serial_swamp_ruin, evilmike_swamp_ruin_house_2,
          evilmike_swamp_ruin_rubble_2, evilmike_swamp_ruin_house_6, uniq_nikola
Swamp:2:  nicolae_swamp_phyte_club, layout_falls_marsh,
          hangedman_swamp_ruin_wall
Swamp:3:  layout_basic_swamp, hangedman_swamp_pad, infiniplex_staircase_pool,
          uniq_donald
Swamp:4:  swamp_old_school, layout_basic_swamp, nicolae_swamp_triple_paths
Snake:1:  layout_rooms, serial_shops, shop, nicolae_shop_behind_doors, shop,
          shop, shop, nicolae_snake_shapes, uniq_aizul
Snake:2:  layout_onion_interference, special_room, hangedman_snake_sidewinding,
          minmay_shoptagon
Snake:3:  layout_onion, drop_trap, uniq_vashnia
Snake:4:  grunt_snake_rune_serpentine_throne, layout_misc_corridors,
          serial_shops, nicolae_shop_waterfront, nicolae_snake_biting_tails
Orc:1:    layout_caves
Orc:2:    grunt_orc_cross, layout_diamond_mine, basic_altar
Elf:1:    layout_geoelf_grid, serial_shops,
          nicolae_shop_temple_entry_statues_fountains, nicolae_shop_crystal,
          shop_statue, ebering_ghost_xom, minivault_28,
          minmay_misc_feat_columns, st_stairs_5, uniq_jorgrun
Elf:2:    layout_loops_cross, gammafunk_ghost_grave, hangedman_research_geology
Vaults:1: vaults_dpeg_cross, v_misc_9, ontoclasm_vaults_shuriken,
          ontoclasm_vaults_tryst, vaults_mumra_hex, vaults_room_semicircle,
          layout_vaults_chaotic_city
Vaults:2: ebering_vaults_ghost_xom, v_misc_33, nicolae_vaults_disjoint_gnomons,
          minmay_crypt_entry_simple_box, grunt_vaults_trifunnel,
          hangedman_vaults_restitches, vaults_standard_mumra_x, v_pattern_4,
          nicolae_vaults_theta, grunt_vaults_focal,
          nicolae_vaults_specimen_jars, nicolae_vaults_little_squares_3,
          layout_vaults_quadrants, serial_shops, shop, shop
Vaults:3: nicolae_vaults_stairing_the_circle, vaults_room_pools,
          nicolae_vaults_circle_grid_b, hangedman_vaults_stitches,
          nicolae_vaults_little_squares_2, nicolae_vaults_three_branches,
          grunt_vaults_funnel, hangedman_vaults_maws, v_alt_pattern_5,
          special_room_vaults [special_room_orc], vaults_room_octagon,
          nicolae_vaults_little_squares_4, v_misc_25,
          ontoclasm_vaults_misaligned, ontoclasm_vaults_ring_square,
          nicolae_vaults_shelves_hall, layout_vaults_maze_bifur, serial_shops,
          shop, nicolae_shop_crystal, portal_desolation_entry_holy_temple

Skill      XL: |  1  2  3  4  5  6  7  8  9 10 11 12 13 14 15 16 17 18 |
---------------+-------------------------------------------------------+-----
Poison Magic   | 3 4 5 6 7 11 | 11.2
Spellcasting   | 4 6 9 |  9.3
Fighting       | 5 8 11 12 15 | 15.5
Dodging        | 6 12 14 17 | 17.2
Evocations     | 7 10 | 10.5
Earth Magic    | 2 9 11 | 11.4
Transmutations | 3 11 13 | 13.3
Conjurations   | 4 8 10 | 10.4
Air Magic      | 4 |  4.1
Unarmed Combat | 7 9 |  9.8
Hexes          | 10 14 15 | 15.8
Stealth        | |  2.6

Action                   |  1- 3 |  4- 6 |  7- 9 | 10-12 | 13-15 | 16-18 || total
-------------------------+-------+-------+-------+-------+-------+-------++-------
Melee: Unarmed           |       |    14 |   144 |   141 |   854 |   684 ||  1837
       Bite              |       |     1 |    18 |    15 |    69 |    70 ||   173
       Punch             |       |       |       |       |    11 |    28 ||    39
       Headbutt          |       |       |       |       |       |    44 ||    44
 Cast: Sting             |    69 |   109 |    98 |    50 |    83 |     4 ||   413
       Olgreb's Toxic Ra |       |       |    24 |   100 |   156 |    74 ||   354
       Mephitic Cloud    |       |       |    28 |    50 |   172 |    18 ||   268
       Ignite Poison     |       |       |    28 |    88 |   213 |    51 ||   380
       Statue Form       |       |       |       |       |    59 |    85 ||   144
       Irradiate         |       |       |       |       |    42 |    99 ||   141
       Eringya's Noxious |       |       |       |       |       |     9 ||     9
       Blink             |       |       |       |       |       |     2 ||     2
 Abil: End Transformatio |       |       |       |       |       |     1 ||     1
Evoke: Wand              |       |       |       |       |    40 |     4 ||    44
       Condenser vane    |       |       |       |       |     4 |     2 ||     6
       Box of beasts     |       |       |       |       |     2 |     1 ||     3
       Phantom mirror    |       |       |       |       |     2 |       ||     2
       Tin of tremorston |       |       |       |       |     2 |       ||     2
  Use: Scroll            |       |       |    10 |    12 |    18 |     5 ||    45
       Potion            |       |       |       |     5 |    10 |    11 ||    26
 Stab: Sleeping          |       |       |     6 |     3 |     3 |     7 ||    19
       Invisible         |       |       |     2 |       |     1 |       ||     3
       Confused          |       |       |     3 |     1 |    15 |     2 ||    21
       Petrified         |       |       |       |     2 |       |     2 ||     4
       Distracted        |       |       |       |       |     1 |     1 ||     2
       Petrifying        |       |       |       |       |       |     1 ||     1
Armor: Skin              |     1 |    10 |    18 |    17 |   410 |   302 ||   758
Dodge: Dodged            |    25 |    37 |   216 |   279 |  2666 |  1751 ||  4974

Table legend: (Time is in decaauts)
 A = Elapsed time spent in this place.
 B = Non-inter-level travel time spent in this place.
 C = Inter-level travel time spent in this place.
 D = Time resting spent in this place.
 E = Time spent auto-exploring this place.
 F = Levels seen in this place.
 G = Mean time per level.
                   A        B        C        D        E       F      G
               +--------+--------+--------+--------+--------+-----+--------+
         Total |  56238 |  53523 |   2715 |  16121 |  24336 |  38 | 1479.9 |
       Dungeon |  22893 |  21578 |   1315 |   5956 |  11431 |  15 | 1526.2 |
        Temple |    289 |    279 |     10 |    225 |      0 |   1 |  289.0 |
          Lair |  11916 |  11209 |    707 |   4711 |   4099 |   6 | 1986.0 |
         Swamp |   4621 |   4433 |    188 |    778 |   2240 |   4 | 1155.2 |
     Snake Pit |   6319 |   6119 |    200 |   1559 |   2690 |   4 | 1579.8 |
  Orcish Mines |   2712 |   2588 |    124 |   1330 |    649 |   2 | 1356.0 |
   Elven Halls |   1022 |   1003 |     19 |    335 |    151 |   2 |  511.0 |
        Vaults |   5617 |   5469 |    148 |   1058 |   2611 |   3 | 1872.3 |
      Ice Cave |    845 |    845 |      0 |    167 |    461 |   1 |  845.0 |
               +--------+--------+--------+--------+--------+-----+--------+

Top non-repeatable levels by time:
  Lair:2: 2833 daAuts
Vaults:2: 2780 daAuts
     D:3: 2707 daAuts
  Lair:5: 2399 daAuts
  Lair:6: 2383 daAuts
 Snake:4: 2222 daAuts
Vaults:1: 2056 daAuts
    D:13: 2006 daAuts
    D:14: 1914 daAuts
   Orc:2: 1888 daAuts
     D:4: 1839 daAuts
    D:10: 1697 daAuts
  Lair:1: 1675 daAuts
  Lair:3: 1654 daAuts
 Swamp:2: 1601 daAuts
